 Dungeon Crawl Stone Soup version 0.30-a0-800-g7c544603b3 (webtiles) character file.

Game seed: 10147966698163110407

426 jlumianski the Chopper (level 6, -3/48 HPs)
             Began as a Demonspawn Fighter on Feb 21, 2023.
             Killed by nerve-wracking pain
             ... invoked by Grinder
              (9 damage)
             ... while paralysed by Grinder
             ... on level 5 of the Dungeon.
             The game lasted 00:16:00 (2853 turns).

jlumianski the Chopper (Demonspawn Fighter)         Turns: 2853, Time: 00:16:00

Health: -3/48      AC:  9    Str: 18    XL:     6   Next: 64%
Magic:  6/6        EV:  2    Int: 10    God:
Gold:   175        SH:  0    Dex: 12    Spells: 5/5 levels left

rFire   + . .      SeeInvis .    w - +2 war axe (elec)
rCold   . . .      Faith    .    c - +0 buckler
rNeg    . . .      Spirit   .    o - +0 chain mail
rPois   .          Reflect  .    (helmet restricted)
rElec   .          Harm     .    (no cloak)
rCorr   .          Rampage  .    (no gloves)
Will    .....                    (no boots) Stlth
                                 t - amulet of regeneration
HPRegen 1.08/turn                m - ring of protection from fire
MPRegen 0.10/turn                (no ring)

@: paralysed, mighty
A: horns 1, ignite blood 2
a: no special abilities


You were on level 5 of the Dungeon.
You visited 1 branch of the dungeon, and saw 6 of its levels.

You collected 175 gold pieces.

Inventory:

Hand Weapons
 a - a +0 war axe
 w - a +2 war axe of electrocution (weapon)
 y - a +4 spear
Missiles
 h - 4 boomerangs (quivered)
 i - 33 stones
 u - 8 poisoned darts
Armour
 b - a +0 scale mail
 c - a +0 buckler (worn)
 j - a +0 pair of boots
 o - a +0 chain mail (worn)
 q - a +0 pair of gloves
Jewellery
 g - an amulet of magic regeneration
 m - a ring of protection from fire (left hand)
 t - an amulet of regeneration (around neck)
Scrolls
 e - a scroll of enchant armour {unknown}
 k - a scroll of acquirement {unknown}
 n - 4 scrolls of teleportation
 s - a scroll of magic mapping {unknown}
Potions
 f - a potion of invisibility
 l - 2 potions of curing
 p - a potion of lignification {unknown}
 v - a potion of flight
 x - a potion of attraction


   Skills:
 * Level 4.1 Fighting
 + Level 4.4 Axes
 + Level 0.5 Throwing
 + Level 4.2 Armour
 + Level 0.4 Dodging
 + Level 3.3 Shields


You had 5 spell levels left.
You didn't know any spells.
Your spell library contained the following spells:

 Spells                   Type           Power      Damage    Failure   Level
 Sublimation of Blood     Necr           0%         N/A       100%        2
 Petrify                  Tmut/Erth      0%         N/A       100%        4
 Irradiate                Conj/Tmut      0%         3d11      100%        5


Dungeon Overview and Level Annotations

Branches:
Dungeon (6/15)
 Temple: D:4-7

Altars:
Ashenzari
Hepliaklqana
Uskayaw
Wu Jian

Annotations:
D:4 1 runed translucent door, Crazy Yiuf
D:5 Grinder
D:6 1 transporter


Innate Abilities, Weirdness & Mutations

You have a pair of small horns on your head.
Your demonic aura often causes spilled blood to erupt in flames.


Message History

Pain shoots through your body!
There is an ornate altar of the Wu Jian Council here.
You barely miss Grinder. Grinder hits you but does no damage.
You slash Grinder!
Grinder is moderately wounded.
Grinder gestures at you. Pain shoots through your body!
You completely miss Grinder.
Grinder is moderately wounded.
You hit the orc. You block the orc's attack.
Grinder hits you but does no damage. The orc hits you with a +0 flail.
Grinder hits you.
You writhe in agony.
You closely miss Grinder. You headbutt Grinder.
Grinder is moderately wounded.
You hit the orc but do no damage. Grinder gestures at you.
You suddenly lose the ability to move!
The orc hits you with a +0 flail. Grinder hits you.
You writhe in agony.
The orc hits you but does no damage.
You can move again.
You hit Grinder. You headbutt Grinder.
Grinder is heavily wounded.
You closely miss the orc. Grinder hits you.
You writhe in agony.
The orc closely misses you.
You feel very mighty all of a sudden. The orc hits you but does no damage.
Grinder hits you.
* * * LOW HITPOINT WARNING * * *
You writhe in agony.
* * * LOW HITPOINT WARNING * * *
You closely miss Grinder. You headbutt Grinder!
Grinder is almost dead.
You hit the orc. The orc hits you but does no damage. Grinder gestures at you.
You suddenly lose the ability to move!
Grinder blinks!
The orc barely misses you.
Grinder blinks!
The orc barely misses you. The orc hits you with a +0 flail!
* * * LOW HITPOINT WARNING * * *
Grinder gestures at you. Pain shoots through your body!
You die...

.. .# ##.#
...## # #...
o #.#.. .##
##.#.####..#
#...@o......
#..#.#....#.
#...5.....#
#.........#
####..#.###
#.##...#
####.####.##
#..........#
#).........#


You could see Grinder and an orc.

Vanquished Creatures
  A necrophage (D:5)
  3 wights (D:6)
  8 gnolls
  7 adders
  3 worms
  2 dart slugs (D:1)
  3 endoplasms
  6 giant cockroaches
  4 goblins
  6 hobgoblins
  3 jackals (D:1)
  6 kobolds
  2 quokkas
  6 ball pythons
  4 bats
  6 frilled lizards
  6 rats
76 creatures vanquished.

Vanquished Creatures (others)
  5 plants (D:3)
5 creatures vanquished.

Grand Total: 81 creatures vanquished

Notes
Turn   | Place    | Note
-------+----------+-------------------------------------------
     0 | D:1      | jlumianski the Demonspawn Fighter began the quest for the
                  | Orb.
     0 | D:1      | Reached XP level 1. HP: 18/18 MP: 1/1
   426 | D:1      | Gained mutation: You have a pair of small horns on your
                  | head. [demonic ancestry]
   426 | D:1      | Reached XP level 2. HP: 24/24 MP: 2/2
   659 | D:1      | Gained mutation: Your demonic aura sometimes causes spilled
                  | blood to erupt in flames. [demonic ancestry]
   659 | D:1      | Reached XP level 3. HP: 29/29 MP: 3/3
   679 | D:1      | Found a faded altar of an unknown god.
  1155 | D:2      | Reached XP level 4. HP: 35/35 MP: 4/4
  1702 | D:3      | Gained mutation: Your demonic aura often causes spilled
                  | blood to erupt in flames. [demonic ancestry]
  1702 | D:3      | Reached XP level 5. HP: 21/41 MP: 5/5
  1900 | D:3      | Found a hide-covered altar of Uskayaw.
  1979 | D:3      | Found a hazy altar of Hepliaklqana.
  2058 | D:5      | Entered Level 5 of the Dungeon
  2209 | D:3      | Found a faded altar of an unknown god.
  2215 | D:3      | Found a broken altar of Ashenzari.
  2584 | D:4      | Found a runed translucent door.
  2585 | D:4      | Noticed Crazy Yiuf
  2643 | D:4      | You fall into a shaft and drop 2 floors!
  2728 | D:6      | Reached XP level 6. HP: 45/48 MP: 6/6
  2758 | D:6      | Found a transporter.
  2835 | D:5      | Found an ornate altar of the Wu Jian Council.
  2837 | D:5      | Noticed Grinder
  2846 | D:5      | Paralysed by Grinder for 2 turns
  2850 | D:5      | Paralysed by Grinder for 4 turns
  2853 | D:5      | Killed from afar by Grinder

Illustrated notes

Levels and vault maps discovered:
D:1:      dpeg_arrival_round_a, layout_rooms, shapermc_ecumenical_altar_pompeii
D:2:      layout_basic
D:3:      layout_rooms, mainiacjoe_overflow_chevrons,
          nicolae_overflow_ecumenical_swirl, mainiacjoe_overflow_alcove_2,
          mainiacjoe_overflow_six_doors_small, minmay_crystal_water
D:4:      layout_basic, nicolae_yredelemnul_corpse_copse,
          mainiacjoe_overflow_small_starburst, serial_park_tiny_1,
          grunt_decor_one_mirror, glass_columns_c, serial_bayou_pond_a,
          hangedman_decor_clover_reticule, uniq_crazy_yiuf_cottage
D:5:      layout_rooms, lemuel_crystal_altar, mainiacjoe_overflow_brackets,
          uniq_grinder, uniq_edmund
D:6:      layout_loops_ring, gammafunk_ghost_hive, uniq_menkaure

Skill      XL: |  1  2  3  4  5  6 |
---------------+-------------------+-----
Axes           | 2 3 4 |  4.4
Armour         | 3 4 |  4.2
Shields        | 3 |  3.3
Fighting       | 4 |  4.1
Throwing       | |  0.5
Dodging        | |  0.4

Action                     |  1- 3 |  4- 6 || total
---------------------------+-------+-------++-------
  Melee: War axe           |    95 |   126 ||   221
         Headbutt          |     7 |    24 ||    31
  Throw: Boomerang         |     4 |     6 ||    10
    Use: Scroll            |       |     9 ||     9
         Potion            |       |     2 ||     2
 Armour: Scale mail        |    28 |       ||    28
         Chain mail        |    29 |    64 ||    93
  Dodge: Dodged            |    33 |    44 ||    77
  Block: Buckler           |    27 |    35 ||    62

Table legend: (Time is in decaauts)
 A = Elapsed time spent in this place.
 B = Non-inter-level travel time spent in this place.
 C = Inter-level travel time spent in this place.
 D = Time resting spent in this place.
 E = Time spent auto-exploring this place.
 F = Levels seen in this place.
 G = Mean time per level.
                   A        B        C        D        E       F      G
               +--------+--------+--------+--------+--------+-----+--------+
         Total |   2950 |   2842 |    108 |    244 |   1192 |   6 |  491.7 |
       Dungeon |   2950 |   2842 |    108 |    244 |   1192 |   6 |  491.7 |
               +--------+--------+--------+--------+--------+-----+--------+

Top non-repeatable levels by time:
     D:1: 998 daAuts
     D:3: 722 daAuts
     D:2: 688 daAuts
     D:4: 319 daAuts
     D:6: 134 daAuts
     D:5: 88 daAuts
